 Dungeon Crawl Stone Soup version 0.31-a0-96-g196d5507e3 (webtiles) character file.

Game seed: 9608880301425534452

79913 blade888 the Marksant (level 16, -2/127 HPs)
             Began as a Formicid Hunter on May 26, 2023.
             Was an Initiate of Gozag.
             Slain by a catoblepas (illusionary) (9 damage)
             ... while petrified by a catoblepas
             ... on level 15 of the Dungeon.
             The game lasted 00:52:44 (31013 turns).

blade888 the Marksant (Formicid Hunter)            Turns: 31013, Time: 00:52:45

Health: -2/127     AC: 13    Str: 14    XL:     16   Next: 13%
Magic:  0/16       EV:  2    Int: 16    God:    Gozag
Gold:   1692       SH:  0    Dex: 28    Spells: 15/15 levels left

rFire   . . .        a - +1 shortbow (freeze)
rCold   . . .        S - +2 kite shield {reflect}
rNeg    + + +        G - +4 leather armour "Hudoyxio" {rElec Will+ rCorr Stlth-}
rPois   ∞            (helmet unavailable)
rElec   +            v - scarf {harm}
rCorr   +            O - +2 pair of gloves {Stlth+}
SInv    +            t - +0 pair of boots
Will    ++...        k - amulet of guardian spirit
Stlth   ++++++       d - +6 ring of dexterity
HPRegen 0.41/turn    H - +4 ring of slaying
MPRegen 0.15/turn

%: harm (+30% outgoing, +20% incoming), reflection, guardian spirit
@: petrified
A: permanent stasis, dig shafts and tunnels, antennae 3, four strong arms,
clever 1
a: Dig, Shaft Self, Renounce Religion, Potion Petition, Call Merchant, Bribe
Branch


You were on level 15 of the Dungeon.
You worshipped Gozag.
Gozag was most pleased with you.
You visited 3 branches of the dungeon, and saw 21 of its levels.
You also visited: Bailey, Gauntlet and Ice Cave.

You collected 7447 gold pieces.
You spent 943 gold pieces at shops.
You paid 4812 gold pieces to Gozag.

Inventory:

Hand Weapons
 a - a +1 shortbow of freezing (weapon)
 w - the +8 long sword "Sueffaukk" {freeze, Drain rC++ Str-2 Dex+9}
   (You found it on level 5 of the Lair of Beasts)

   Str:       It affects your strength (-2).
   Dex:       It affects your dexterity (+9).
   rC:        It greatly protects you from cold.
   Drain:     It drains your maximum health when unequipped.
 R - the +8 war axe of Internal Strife {pain, rPois Int+4 Dex+3}
   (You found it on level 10 of the Dungeon)

   Int:       It affects your intelligence (+4).
   Dex:       It affects your dexterity (+3).
   rPois:     It protects you from poison.
Missiles
 D - 2 throwing nets
Armour
 t - a +0 pair of boots (worn)
 v - a scarf of harm (worn)
 G - the +4 leather armour "Hudoyxio" (worn) {rElec Will+ rCorr Stlth-}
   (You found it in a bailey)

   rElec:     It insulates you from electricity.
   rCorr:     It protects you from acid and corrosion.
   Will:      It increases your willpower.
   Stlth:     It makes you less stealthy.
 K - a +0 cloak
 O - a +2 pair of gloves of stealth (worn)
 S - a +2 kite shield of reflection (worn)
Jewellery
 b - a ring of ice
 d - a +6 ring of dexterity (left hand)
 e - a ring of willpower
 k - an amulet of guardian spirit (around neck)
 m - an amulet of the acrobat
 A - a +5 ring of evasion
 H - a +4 ring of slaying (right hand)
 J - a ring of willpower
 W - a ring of ice
Wands
 p - a wand of flame (17)
 q - a wand of iceblast (24)
 C - a wand of polymorph (9)
 M - a wand of mindburst (25)
 T - a wand of paralysis (15)
Scrolls
 j - 5 scrolls of vulnerability
 l - a scroll of brand weapon
 n - 3 scrolls of fog
 o - 6 scrolls of blinking
 r - a scroll of poison
 x - 4 scrolls of amnesia
 y - 11 scrolls of teleportation
 z - a scroll of butterflies
 B - a scroll of torment
 I - 4 scrolls of enchant weapon
 P - a scroll of identify
 Q - a scroll of magic mapping
 V - a scroll of enchant armour
Potions
 c - 7 potions of attraction
 f - 6 potions of lignification
 h - 5 potions of enlightenment
 s - a potion of heal wounds
 E - a potion of magic
 F - a potion of might
 L - a potion of curing
 N - a potion of invisibility
 U - 4 potions of brilliance
 X - a potion of ambrosia
Miscellaneous
 i - a tin of tremorstones (inert)
 u - a phial of floods


   Skills:
 + Level 12.0 Fighting
 * Level 15.2 Ranged Weapons
 + Level 11.8 Armour
 + Level 9.9 Dodging
 + Level 13.6 Stealth
 + Level 13.4 Shields


You had 15 spell levels left.
You didn't know any spells.
Your spell library contained the following spells:

 Spells                   Type           Power      Damage    Failure   Level
 Beastly Appendage        Tmut           0%         N/A       52%         1
 Freeze                   Ice            0%         1d3       52%         1
 Kiss of Death            Conj/Necr      0%         2d5       52%         1
 Magic Dart               Conj           0%         1d3       52%         1
 Necrotise                Necr           0%         1d4       52%         1
 Sting                    Tmut/Pois      0%         1d3       52%         1
 Call Imp                 Summ           0%         N/A       65%         2
 Cigotuvi's Dreadful Rot  Necr/Pois/Air  0%         N/A       65%         2
 Lesser Beckoning         Tloc           0%         N/A       65%         2
 Momentum Strike          Conj/Tloc      0%         3d8       65%         2
 Poisonous Vapours        Pois/Air       0%         N/A       65%         2
 Scorch                   Fire           0%         2d5       65%         2
 Wereblood                Tmut           0%         N/A       65%         2
 Confusing Touch          Hex            0%         N/A       87%         3
 Dazzling Flash           Conj/Hex       0%         N/A       87%         3
 Frozen Ramparts          Ice            0%         1d1       87%         3
 Hailstorm                Conj/Ice       0%         3d3       87%         3
 Ignite Poison            Fire/Tmut/Pois 0%         N/A       87%         3
 Mephitic Cloud           Conj/Pois/Air  0%         N/A       87%         3
 Spider Form              Tmut/Pois      0%         N/A       87%         3
 Tukima's Dance           Hex            0%         N/A       87%         3
 Vampiric Draining        Necr           0%         2d6       87%         3
 Anguish                  Hex/Necr       0%         N/A       99%         4
 Cause Fear               Hex            0%         N/A       99%         4
 Dispel Undead            Necr           0%         3d6       99%         4
 Flame Wave               Conj/Fire      0%         2d4       99%         4
 Ice Form                 Ice/Tmut       0%         N/A       99%         4
 Olgreb's Toxic Radiance  Pois           0%         N/A       99%         4
 Petrify                  Tmut/Erth      0%         N/A       99%         4
 Agony                    Necr           0%         N/A       100%        5
 Alistair's Intoxication  Tmut/Pois      0%         N/A       100%        5
 Blade Hands              Tmut           0%         N/A       100%        5
 Borgnjor's Vile Clutch   Necr/Erth      0%         N/A       100%        5
 Freezing Cloud           Conj/Ice/Air   0%         6-21      100%        5
 Irradiate                Conj/Tmut      0%         3d11      100%        5
 Metabolic Englaciation   Hex/Ice        0%         N/A       100%        5
 Silence                  Hex/Air        0%         N/A       100%        5
 Death Channel            Necr           0%         N/A       100%        6
 Eringya's Noxious Bog    Tmut/Pois      0%         N/A       100%        6
 Statue Form              Tmut/Erth      0%         N/A       100%        6
 Summon Cactus Giant      Summ           0%         N/A       100%        6
 Dragon Form              Tmut           0%         N/A       100%        7
 Blink                    Tloc           Unusable   N/A       N/A         2
 Simulacrum               Ice/Necr       Unusable   N/A       N/A         6

Dungeon Overview and Level Annotations

Branches:
Dungeon (15/15)            Temple (1/1) D:4            Lair (5/5) D:8
 Shoals (0/4) Lair:2        Snake (0/4) Lair:3        Slime (0/5) Lair:5
    Orc (0/2) D:10         Vaults (0/5) D:14         Bailey (visited)
  IceCv (visited)         Gauntlet (visited)
 Depths: D:15

Altars:
Ashenzari
Cheibriados
Dithmenos
Elyvilon
Fedhas
Gozag
Hepliaklqana
Kikubaaqudgha
Makhleb
Nemelex Xobeh
Okawaru
Qazlal
Ru
Sif Muna
Trog
Uskayaw
Vehumet
Wu Jian
Xom
Yredelemnul
Zin
The Shining One
Jiyva

Shops:
D:5 *   D:6 (   D:12 *   D:14 *(=

Annotations:
D:8 3 runed translucent doors, Voker57's ghost, novice DsGl; paps's ghost, novice OpSu


Innate Abilities, Weirdness & Mutations

You cannot be hasted, slowed, berserked, paralysed or teleported.
You can dig through walls and to a lower floor.
You have a pair of large antennae on your head. (SInv)
Your four strong arms can wield two-handed weapons with a shield.
Your mind is acute. (Int +4, Str/Dex -1)


Message History

* * * LOW HITPOINT WARNING * * *
You are engulfed in calcifying dust.
The catoblepas breathes a plume of calcifying dust at you.
The blast of calcifying dust hits the catoblepas.
The blast of calcifying dust hits you but does no damage.
Your limbs are stiffening.
Things that are here:
6 gold pieces; a +0 mace of holy wrath Unknown command.
Unknown command. [a] - 336 gold - heal wounds, curing and magic [b] - 364 gold - resistance and might [c] - 231 gold - curing and magic Purchase which effect?
You feel much better.
You feel better. Magic courses through your body.
You are engulfed in calcifying dust.
The catoblepas breathes a plume of calcifying dust at you.
The blast of calcifying dust hits you but does no damage.
You block the catoblepas's attack.
You have turned to stone.
The catoblepas gores you. The catoblepas gores you!
* * * LOW HITPOINT WARNING * * *
The catoblepas breathes a plume of calcifying dust at you.
The blast of calcifying dust hits the catoblepas but does no damage.
The blast of calcifying dust hits you!
* * * LOW HITPOINT WARNING * * *
The catoblepas gores you!!
* * * LOW HITPOINT WARNING * * *
You are engulfed in calcifying dust.
The catoblepas gores you!!
* * * LOW HITPOINT WARNING * * *
You are engulfed in calcifying dust.
The catoblepas gores you.
* * * LOW HITPOINT WARNING * * *
You are engulfed in calcifying dust.
The catoblepas gores you!!
* * * LOW HITPOINT WARNING * * *
The catoblepas breathes a plume of calcifying dust at you.
The blast of calcifying dust hits the catoblepas but does no damage.
The blast of calcifying dust hits you but does no damage.
You are engulfed in calcifying dust.
The catoblepas gores you!!
You die...
Your body crumbles into a pile of gold.

.....# ...... ...
.##### #.. # .# #
#.#.# .# #.##.#.# .#
#########......# .#
###.......####!###
.####...#####.# #.#
........#####.####R#
###.......§.$§§§@YY#
#.##..#..$#.######
#.##..#..##^#
#.##........#
#.#####.#####
#.......# #########


You could see 2 catoblepae and a rakshasa.

Vanquished Creatures
  A tentacled starspawn (Lair:4)
  A reaper (IceCv)
  A minotaur (Gauntlet)
  Snorg (D:14)
  A fire dragon (Lair:5)
  An entropy weaver (Gauntlet)
  Fannar (D:10)
  4 hydras
  An ogre mage (D:15)
  A catoblepas (Lair:3)
  4 centaur warriors (D:14)
  6 two-headed ogres
  4 boulder beetles
  Urug (Lair:1)
  2 tengu warriors
  Sonja (Lair:5)
  A skyshark (Lair:5)
  5 skeletal warriors (D:11)
  3 wizards
  A lindwurm (Lair:5)
  Pikel (D:8)
  A necromancer (D:14)
  3 deep elf pyromancers
  2 orc knights (D:15)
  7 ugly things
  2 manticores
  11 elephants
  6 cyclopes
  2 black mambas
  A merfolk siren (Lair:2)
  5 torpor snails (Lair:5)
  9 cane toads
  2 ice statues (IceCv)
  Maggie (D:6)
  5 komodo dragons
  2 unseen horrors
  An efreet (D:15)
  An unseen horror (shapeshifter) (D:14)
  2 kobold demonologists (Bailey)
  3 rime drakes
  8 ice devils
  6 trolls
  2 polar bears
  22 blink frogs
  Prince Ribbit (D:8)
  9 hornets
  4 tyrant leeches (Lair:5)
  15 dream sheep
  Sigmund (D:4)
  7 slime creatures
  A shadow (D:10)
  A jumping spider (Gauntlet)
  33 yaks
  A dire elephant simulacrum (IceCv)
  2 wraiths
  5 wyverns
  Grum (D:8)
  A fire elemental (D:12)
  4 basilisks
  A human (Lair:4)
  A redback (Gauntlet)
  2 steam dragons
  A harpy simulacrum (IceCv)
  A hydra simulacrum (IceCv)
  4 nagas (Lair:3)
  15 water moccasins
  13 orc warriors
  2 sky beasts (D:6)
  4 black bears
  6 ogres
  4 boggarts (D:12)
  16 centaurs
  11 wolves
  2 phantoms (D:7)
  3 kobold brigands
  3 lemures (D:8)
  13 bullfrogs
  4 two-headed ogre simulacra (IceCv)
  2 gnoll sergeants
  4 scorpions
  An earth elemental (D:12)
  A cane toad simulacrum (IceCv)
  3 wights (D:7)
  2 elephant simulacra (IceCv)
  21 killer bees
  A howler monkey (D:8)
  8 electric eels
  3 hounds
  2 jellies (D:4)
  9 orc priests
  4 iguanas
  7 orc wizards
  A sleepcap (D:6)
  A spriggan simulacrum (IceCv)
  6 hell rats (Lair:4)
  3 polar bear simulacra (IceCv)
  A wolf simulacrum (IceCv)
  2 troll simulacra (IceCv)
  17 gnolls
  18 adders
  A shadow imp (Gauntlet)
  7 white imps
  4 ufetubi
  2 worms (D:4)
  3 dart slugs
  61 orcs
  7 endoplasms
  4 giant cockroaches
  13 goblins
  9 hobgoblins
  2 jackals (D:5)
  16 kobolds
  2 quokkas
  5 ball pythons
  4 bats
  2 frilled lizards
  6 rats
603 creatures vanquished.

Vanquished Creatures (others)
  A water elemental (D:12)
  An air elemental (D:12)
  2 orc wizards
  2 starspawn tentacles (Lair:4)
6 creatures vanquished.

Grand Total: 609 creatures vanquished

Notes
Turn   | Place    | Note
-------+----------+-------------------------------------------
     0 | D:1      | blade888 the Formicid Hunter began the quest for the Orb.
     0 | D:1      | Reached XP level 1. HP: 16/16 MP: 1/1
   199 | D:1      | Reached XP level 2. HP: 22/22 MP: 2/2
   731 | D:1      | Reached skill level 1 in Shields
   731 | D:1      | Reached XP level 3. HP: 28/28 MP: 3/3
   835 | D:2      | Found a hide-covered altar of Uskayaw.
   878 | D:2      | Reached skill level 1 in Armour
  1019 | D:2      | Reached XP level 4. HP: 33/34 MP: 4/4
  1081 | D:2      | Found a faded altar of an unknown god.
  1661 | D:3      | Found a burning altar of Makhleb.
  1768 | D:3      | Reached XP level 5. HP: 25/39 MP: 5/5
  2020 | D:3      | Found a stormy altar of Qazlal.
  2020 | D:3      | Found a hide-covered altar of Uskayaw.
  2426 | D:4      | Reached skill level 5 in Ranged Weapons
  2426 | D:4      | Reached XP level 6. HP: 14/47 MP: 1/6
  2758 | D:4      | Found a staircase to the Ecumenical Temple.
  2845 | Temple   | Entered the Ecumenical Temple
  2854 | Temple   | Became a worshipper of Gozag Ym Sagoz the Greedy
  3114 | D:4      | Reached XP level 7. HP: 41/52 MP: 4/7
  3473 | D:4      | Found a snail-covered altar of Cheibriados.
  3562 | D:4      | Noticed Sigmund
  3567 | D:4      | Killed Sigmund
  4021 | D:4      | Reached skill level 6 in Ranged Weapons
  4021 | D:4      | Reached XP level 8. HP: 5/60 MP: 1/8
  4323 | D:5      | Entered Level 5 of the Dungeon
  5006 | D:5      | HP: 1/60 [gnoll sergeant/+3 trident of pain (10)]
  5033 | D:4      | HP: 2/60 [gnoll sergeant/+3 trident of pain (7)]
  5967 | D:5      | Found a white marble altar of Elyvilon.
  6064 | D:5      | Found Legheoluapt's Neck Hole.
  6072 | D:5      | Bought a scarf of harm for 99 gold pieces
  6869 | D:6      | Noticed Maggie
  7058 | D:6      | Reached skill level 5 in Stealth
  7058 | D:6      | Reached XP level 9. HP: 51/67 MP: 6/9
  7067 | D:6      | Reached skill level 7 in Ranged Weapons
  7243 | D:6      | Reached skill level 5 in Fighting
  7243 | D:6      | Reached skill level 5 in Shields
  7350 | D:6      | Killed Maggie
  7575 | D:6      | Found Jankis's Antique Weapon Shop.
  7584 | D:6      | Bought a pitted hand axe for 216 gold pieces
  7584 | D:6      | Identified the +5 hand axe "Jyaddesh" {venom, rF+ Will+
                  | MP+9 Int+2} (You bought it in a shop on level 6 of the
                  | Dungeon)
  8136 | D:7      | Reached skill level 5 in Armour
  8204 | D:7      | Reached skill level 8 in Ranged Weapons
  8241 | D:7      | Found a flagged portal.
  8281 | Bailey   | Entered a bailey
  8418 | Bailey   | Reached XP level 10. HP: 69/76 MP: 8/10
  8599 | Bailey   | Noticed a kobold demonologist
  8609 | Bailey   | Noticed an ice devil
  8615 | Bailey   | Noticed a soul eater
  8616 | Bailey   | Killed a kobold demonologist
  8710 | Bailey   | Reached skill level 5 in Dodging
  8808 | Bailey   | Found an iron altar of Okawaru.
  8813 | Bailey   | Noticed a kobold demonologist
  8816 | Bailey   | Noticed a rust devil
  8822 | Bailey   | Killed a kobold demonologist
  9132 | Bailey   | Identified the +4 dagger of Imbalance {antimagic, rPois
                  | rN++}
  9138 | Bailey   | Identified the +4 leather armour "Hudoyxio" {rElec Will+
                  | rCorr Stlth-}
  9348 | Bailey   | Acquired 1040 gold pieces
  9522 | D:7      | Found a blossoming altar of Fedhas.
  9566 | D:7      | Found a broken altar of Ashenzari.
  9600 | D:7      | Found an ornate altar of the Wu Jian Council.
  9877 | D:8      | Noticed Prince Ribbit
  9890 | D:8      | Noticed Grum
  9919 | D:7      | Reached skill level 9 in Ranged Weapons
 10379 | D:8      | Killed Prince Ribbit
 10403 | D:8      | Found a staircase to the Lair.
 10424 | D:8      | Killed Grum
 10443 | D:8      | Reached XP level 11. HP: 83/83 MP: 11/11
 10467 | D:8      | Found a runed translucent gate.
 10467 | D:8      | Found a runed translucent gate.
 10467 | D:8      | Found a runed translucent gate.
 10468 | D:8      | Noticed paps's ghost (novice OpSu)
 10469 | D:8      | Noticed Voker57's ghost (novice DsGl)
 10593 | D:8      | Noticed Pikel
 10610 | D:8      | Killed Pikel
 11219 | D:9      | Noticed a two-headed ogre
 11235 | D:9      | Killed a two-headed ogre
 11317 | D:9      | Reached skill level 10 in Ranged Weapons
 11416 | D:9      | Noticed a two-headed ogre
 11430 | D:9      | Killed a two-headed ogre
 11665 | D:9      | Found a transporter.
 11799 | D:9      | Noticed a two-headed ogre
 11804 | D:9      | Killed a two-headed ogre
 11986 | D:9      | Found a transporter.
 12829 | D:10     | Entered Level 10 of the Dungeon
 13068 | D:10     | Reached XP level 12. HP: 68/92 MP: 9/12
 13154 | D:10     | Found a staircase to the Orcish Mines.
 13280 | D:10     | Noticed Fannar
 13311 | D:10     | Killed Fannar
 13315 | D:10     | Identified the +8 war axe of Internal Strife {pain, rPois
                  | Int+4 Dex+3}
 13495 | D:10     | Reached skill level 11 in Ranged Weapons
 13944 | D:11     | Noticed a skeletal warrior
 13957 | D:11     | Killed a skeletal warrior
 14055 | D:11     | Noticed a skeletal warrior
 14055 | D:11     | Noticed a skeletal warrior
 14059 | D:11     | Noticed a skeletal warrior
 14089 | D:11     | Killed a skeletal warrior
 14326 | D:11     | Noticed a boulder beetle
 14337 | D:11     | Killed a boulder beetle
 14430 | D:11     | Noticed a two-headed ogre
 14435 | D:11     | Killed a two-headed ogre
 14617 | D:11     | Killed a skeletal warrior
 14675 | D:11     | Noticed a skeletal warrior
 14699 | D:11     | HP: 2/94 [skeletal warrior/+0 glaive (24)]
 14700 | D:11     | Killed a skeletal warrior
 14701 | D:11     | Reached skill level 10 in Stealth
 14713 | D:11     | Killed a skeletal warrior
 15071 | D:11     | Reached skill level 10 in Shields
 15071 | D:11     | Reached XP level 13. HP: 89/101 MP: 11/13
 15480 | D:12     | Reached skill level 12 in Ranged Weapons
 15690 | D:12     | Found Join's Assorted Antiques.
 15698 | D:12     | Bought a scroll of enchant weapon for 150 gold pieces
 15698 | D:12     | Bought a scroll of identify for 40 gold pieces
 15698 | D:12     | Bought a fizzy ruby potion for 18 gold pieces
 15698 | D:12     | Bought a shiny kite shield for 150 gold pieces
 15704 | D:12     | Found a large runed translucent door.
 15719 | D:12     | Found a large runed translucent door.
 17458 | Lair:1   | Entered Level 1 of the Lair of Beasts
 17471 | Lair:1   | Noticed Urug
 17478 | Lair:1   | Killed Urug
 18344 | Lair:2   | Reached skill level 10 in Fighting
 18370 | Lair:1   | HP: 5/103 [elephant (15)]
 18864 | Lair:2   | HP: 3/103 [elephant (11)]
 18866 | Lair:2   | Reached XP level 14. HP: 4/110 MP: 2/14
 19332 | Lair:2   | Reached skill level 13 in Ranged Weapons
 19510 | Lair:2   | Reached skill level 10 in Armour
 20446 | Lair:2   | Found a staircase to the Shoals.
 20685 | Lair:3   | Found the +8 Wrath of Trog {antimagic, *Rage Rampage}
 20842 | Lair:3   | Found a staircase to the Snake Pit.
 22502 | Lair:4   | Found a runed translucent door.
 22505 | Lair:4   | Noticed a tentacled starspawn
 23048 | Lair:4   | Killed a tentacled starspawn
 23197 | Lair:5   | Entered Level 5 of the Lair of Beasts
 23471 | Lair:5   | Reached skill level 14 in Ranged Weapons
 23504 | Lair:5   | Reached XP level 15. HP: 105/118 MP: 13/15
 23536 | Lair:5   | Found a frozen archway.
 23577 | IceCv    | Entered an ice cave
 24834 | IceCv    | Gained mutation: Your mind is acute. (Int +4, Str/Dex -1)
                  | [potion of mutation]
 25805 | IceCv    | Noticed a reaper
 26160 | IceCv    | Killed a reaper
 26185 | IceCv    | HP: 1/119 [ice devil (19)]
 27707 | Lair:5   | Found a viscous altar of Jiyva.
 27707 | Lair:5   | Found a staircase to the Slime Pits.
 27759 | Lair:5   | Noticed Sonja
 27765 | Lair:5   | Killed Sonja
 28076 | Lair:5   | Found a runed translucent door.
 28164 | Lair:5   | Identified the +8 long sword "Sueffaukk" {freeze, Drain
                  | rC++ Str-2 Dex+9}
 29016 | D:14     | Found a gate to the Vaults.
 29145 | D:14     | Found a gate leading to a gauntlet.
 29172 | Gauntlet | Entered a Gauntlet
 29172 | Gauntlet | Found a transporter.
 29172 | Gauntlet | Found a transporter.
 29177 | Gauntlet | Found a transporter.
 29180 | Gauntlet | Found a transporter.
 29190 | Gauntlet | Found a transporter.
 29256 | Gauntlet | Found a transporter.
 29266 | Gauntlet | Found a transporter.
 29281 | Gauntlet | Found a transporter.
 29293 | Gauntlet | Found a transporter.
 29306 | Gauntlet | Found a transporter.
 29312 | Gauntlet | Found a transporter.
 29333 | Gauntlet | Found a transporter.
 29578 | Gauntlet | Identified the -1 pair of gloves "Jalegegh" {Str+4}
 29922 | Gauntlet | Got Sif Muna's Anthology of the Wyrd
 29996 | D:14     | Noticed Snorg
 30006 | D:14     | Killed Snorg
 30110 | D:14     | Reached skill level 15 in Ranged Weapons
 30569 | D:14     | Bought a scroll of enchant armour for 270 gold pieces
 30593 | D:15     | Entered Level 15 of the Dungeon
 30739 | D:15     | Reached XP level 16. HP: 127/127 MP: 16/16
 31013 | D:15     | Slain by a catoblepas (illusionary)

Illustrated notes

Levels and vault maps discovered:
D:1:      dpeg_arrival_oval, layout_loops_corners
D:2:      layout_basic, basic_altar, basic_ecumenical_altar, grunt_ministairs_10
D:3:      layout_loops_ring, gammafunk_temple_overflow_wave,
          mainiacjoe_overflow_six_doors_small, grunt_decor_cap
D:4:      layout_basic, slow_altar_1, minmay_temple_entry_waves, uniq_sigmund
D:5:      layout_basic, elyvilon_altar_4, nicolae_shop_sticking_my_neck_out
D:6:      layout_gridville, serial_shops, nicolae_shop_pleasant_corner_grove,
          nicolae_half_adder, uniq_maggie
D:7:      layout_cave_pools, kennysheep_little_box,
          mainiacjoe_overflow_large_starburst, enter_bailey_5
D:8:      layout_basic, david_lair_generic, gammafunk_ghost_cemetery,
          uniq_pikel, uniq_prince_ribbit1, uniq_grum
D:9:      gammafunk_steamed_eel, layout_gridville
D:10:     layout_rooms, hiddenorc1_lemuel, nrook_pool_corridor,
          kennysheep_cluttered_room, uniq_fannar
D:11:     layout_irregular_city
D:12:     layout_big_octagon, serial_shops, shop, lightli_elemental_guards
D:13:     layout_basic
D:14:     layout_rooms, david_vaults_1, gauntlet_entry_generic,
          hangedman_decor_slide_cut, kennysheep_two_boxes, uniq_snorg
D:15:     gammafunk_depths_entry_grave, layout_loops_cross
Temple:   nicolae_temple_ecumenical_triangle
Lair:1:   layout_gridlike, serial_forest, infiniplex_forest_clump_diagonal,
          infiniplex_forest_clump_C, infiniplex_forest_clump_curved,
          infiniplex_forest_corner_1, infiniplex_forest_straight_3,
          infiniplex_forest_straight_2, infiniplex_forest_lined_room_3,
          nicolae_quartered_pool_impasse, serial_bayou_lake_a, uniq_urug
Lair:2:   layout_loops_ring, minmay_shoals_entry_lonely_mermaid,
          chequers_serial_rivers_micro_b, minivault_11, grunt_megastairs_2
Lair:3:   layout_loops_ring, minmay_snake_entry_guardpost_medium,
          wad_woods_river_01
Lair:4:   layout_cave_pods, pdpol_lair_cabin_in_the_woods
Lair:5:   wormcave, layout_regular_city, slime_entry_1,
          portal_ice_cave_demonic_guard, columned_hall_lemuel,
          lemuel_fruit_tree, uniq_sonja

Skill      XL: |  1  2  3  4  5  6  7  8  9 10 11 12 13 14 15 16 |
---------------+-------------------------------------------------+-----
Shields        | 1 2 3 4 6 7 8 10 11 12 13 | 13.4
Armour         | 1 2 3 4 5 6 7 8 9 10 11 | 11.8
Dodging        | 2 3 4 5 6 7 8 9 |  9.9
Stealth        | 2 3 5 6 7 9 10 11 12 13 | 13.6
Fighting       | 3 4 5 6 8 9 10 11 12 | 12.0
Ranged Weapons | 5 6 8 9 10 11 12 14 15 | 15.2

Action                     |  1- 3 |  4- 6 |  7- 9 | 10-12 | 13-15 | 16-18 || total
---------------------------+-------+-------+-------+-------+-------+-------++-------
  Melee: Spear             |       |       |    16 |       |       |       ||    16
         Trident           |       |       |    14 |       |       |       ||    14
         Dagger            |       |       |       |    23 |       |       ||    23
         Hand axe          |       |       |       |     8 |       |       ||     8
         War axe           |       |       |       |       |    38 |       ||    38
   Fire: Shortbow          |    70 |   171 |   443 |   815 |  1421 |    72 ||  2992
  Throw: Throwing net      |       |       |       |       |     3 |       ||     3
 Invoke: Potion Petition   |       |       |       |       |     3 |     2 ||     5
         Call Merchant     |       |       |       |       |     3 |       ||     3
Ability: Dig               |       |       |     1 |       |       |       ||     1
  Evoke: Wand              |       |       |     8 |     7 |    32 |       ||    47
         Tin of tremorston |       |       |       |       |     2 |       ||     2
    Use: Potion            |       |       |     3 |       |    11 |       ||    14
         Scroll            |       |       |    10 |     8 |    20 |     1 ||    39
 Armour: Leather armour    |     2 |    11 |    20 |    57 |   114 |    11 ||   215
         Acid dragon scale |       |       |     8 |     2 |       |       ||    10
         Skin              |       |       |       |       |     4 |       ||     4
  Dodge: Dodged            |    14 |    53 |   151 |   378 |   512 |     8 ||  1116
  Block: Buckler           |       |       |    75 |   272 |     9 |       ||   356
         Kite shield       |       |       |       |       |   609 |    23 ||   632
         Reflection        |       |       |       |       |    17 |       ||    17

Table legend: (Time is in decaauts)
 A = Elapsed time spent in this place.
 B = Non-inter-level travel time spent in this place.
 C = Inter-level travel time spent in this place.
 D = Time resting spent in this place.
 E = Time spent auto-exploring this place.
 F = Levels seen in this place.
 G = Mean time per level.
                   A        B        C        D        E       F      G
               +--------+--------+--------+--------+--------+-----+--------+
         Total |  30989 |  29559 |   1430 |      0 |  24149 |  24 | 1291.2 |
       Dungeon |  17489 |  16514 |    975 |      0 |  13422 |  15 | 1165.9 |
        Temple |    262 |    229 |     33 |      0 |    220 |   1 |  262.0 |
          Lair |   7642 |   7220 |    422 |      0 |   5984 |   5 | 1528.4 |
        Bailey |   1108 |   1108 |      0 |      0 |    827 |   1 | 1108.0 |
      Ice Cave |   3711 |   3711 |      0 |      0 |   3108 |   1 | 3711.0 |
      Gauntlet |    775 |    775 |      0 |      0 |    587 |   1 |  775.0 |
               +--------+--------+--------+--------+--------+-----+--------+

Top non-repeatable levels by time:
   IceCv: 3711 daAuts
     D:4: 2398 daAuts
     D:5: 2045 daAuts
  Lair:1: 1702 daAuts
     D:9: 1657 daAuts
  Lair:4: 1647 daAuts
    D:11: 1617 daAuts
  Lair:5: 1556 daAuts
  Lair:2: 1541 daAuts
    D:13: 1200 daAuts
  Lair:3: 1194 daAuts
     D:8: 1192 daAuts
  Bailey: 1108 daAuts
     D:6: 1096 daAuts
    D:10: 927 daAuts
